 Dungeon Crawl Stone Soup version 0.17.1-3-g152610e (webtiles) character file.

34 Romlok the Magician (level 3, -3/16 HPs)
             Began as a Vine Stalker Air Elementalist on Apr 25, 2016.
             Slain by Crazy Yiuf
             ... wielding a +3 quarterstaff of chaos
              (6 damage)
             ... on level 2 of the Dungeon.
             The game lasted 00:21:34 (1198 turns).

Romlok the Magician (Vine Stalker Air Elementalist) Turns: 1198, Time: 00:21:35

Health: -3/16      AC:  3    Str: 10      XL:     3   Next: 31%
Magic:  0/8        EV: 12    Int: 13 (15) God:
Gold:   76         SH:  0    Dex: 15      Spells: 3 memorised, 3 levels left

rFire  . . .     SeeInvis .     j - +1 dagger (venom)
rCold  . . .     Clarity  .     a - +0 robe
rNeg   . . .     SustAt   +     (no shield)
rPois  .         Gourm    .     (no helmet)
rElec  .         Spirit   +     (no cloak)
rCorr  .         Warding  .     m - +0 pair of gloves
rMut   .         Stasis   .     (no boots)
MR     .....                    (no amulet)
Stlth  ++........               (no ring)
                                d - ring of sustain attributes

@: very slightly contaminated, slowed, very slow, not resistant to hostile
enchantments, unstealthy
A: fangs 2, regeneration 1, magic shield, antimagic bite, no device heal 3, rot
immunity
a: no special abilities


You were on level 2 of the Dungeon.
You were not hungry.

You visited 1 branch of the dungeon, and saw 2 of its levels.

You collected 76 gold pieces.

Inventory:

Hand Weapons
 e - a +0 dagger
 g - a +0 spear
 i - a +0 whip of holy wrath
 j - a +1 dagger of venom (weapon)
Missiles
 f - 4 stones (quivered)
Armour
 a - a +0 robe (worn)
 m - a +0 pair of gloves (worn)
Jewellery
 d - a ring of sustain attributes (left hand)
 h - an uncursed ring of ice
Scrolls
 k - a scroll of magic mapping {unknown}
 l - a scroll of identify {unknown}
Potions
 o - a potion of lignification
Books
 b - a book of Air

   Spells                             Type                      Level
   a - Shock                          Conjuration/Air              1
   b - Swiftness                      Charms/Air                   2
   c - Repel Missiles                 Charms/Air                   2
   d - Static Discharge               Conjuration/Air              3
   e - Lightning Bolt                 Conjuration/Air              5
 n - a book of Burglary

   Spells                             Type                      Level
   a - Swiftness                      Charms/Air                   2
   b - Passwall                       Transmutation/Earth          3
   c - Passage of Golubria            Translocation                4
   d - Lee's Rapid Deconstruction     Earth                        5
   e - Darkness                       Hexes                        6
   f - Invisibility                   Hexes                        6
Comestibles
 c - a bread ration
 p - a chunk of flesh


   Skills:
 - Level 1.5 Dodging
 - Level 2.4 Stealth
 * Level 3.4 Spellcasting
 - Level 1.0 Conjurations
 + Level 3.3 Air Magic


You had 3 spell levels left.
You knew the following spells:

 Your Spells              Type           Power        Failure   Level  Hunger
a - Shock                 Conj/Air       #...         10%         1    #......
f - Repel Missiles        Chrm/Air       #.....       17%         2    ##.....
g - Swiftness             Chrm/Air       #.......     17%         2    ##.....


Dungeon Overview and Level Annotations

Branches:
Dungeon (2/15)

Altars:

Annotations:
D:2 Crazy Yiuf


Innate Abilities, Weirdness & Mutations

You have extremely sharp teeth.
Your natural rate of healing is unusually fast.
When hurt, damage is shared between your health and your magic reserves.
Your bite disrupts and absorbs the magic of your enemies.
Potions and wands cannot restore your health.
You are immune to rotting.


Message History

The zap hits Crazy Yiuf.
Crazy Yiuf appears unharmed.
Crazy Yiuf is lightly wounded.
The zap hits Crazy Yiuf.
Crazy Yiuf is moderately wounded.
Crazy Yiuf hits you with a quarterstaff of chaos!
Ouch! That really hurt!
* * * LOW HITPOINT WARNING * * *
You feel yourself slow down.
Casting: Shock
Confirm with . or Enter, or press ? or * to list all spells.
Aiming: Shock
Press: ? - help, Shift-Dir - straight line You miscast Shock.
You are very lightly contaminated with residual magic.
You hear a crackling sound.
Crazy Yiuf closely misses you.
Crazy Yiuf flaps his cloak.
Crazy Yiuf closely misses you.
Crazy Yiuf hits you with a quarterstaff of chaos.
You die...

...........<.#
..#
.............#
..
####.###..)(.#
.# >....#
#.....# ##.
########.....#
#.# #.......#
##.# #.......#
#.##
########.....#
##g##
.............#
#@..##
############.#
#....# #.#
##..##
#.###....#
#........#
#####...##
#####


You could see Crazy Yiuf.

Vanquished Creatures
  2 oozes (D:1)
  2 bats (D:2)
  A giant cockroach (D:1)
  3 hobgoblins (D:1)
  5 kobolds
  6 giant newts
  5 goblins (D:1)
  4 rats (D:1)
28 creatures vanquished.

Notes
Turn   | Place    | Note
--------------------------------------------------------------
     0 | D:1      | Romlok the Vine Stalker Air Elementalist began the quest for the Orb.
     0 | D:1      | Reached XP level 1. HP: 9/9 MP: 4/4
   155 | D:1      | Reached XP level 2. HP: 13/13 MP: 3/6
   696 | D:1      | Reached XP level 3. HP: 16/16 MP: 8/8
   814 | D:1      | Learned a level 2 spell: Repel Missiles
   817 | D:1      | Learned a level 2 spell: Swiftness
  1187 | D:2      | Noticed Crazy Yiuf
  1198 | D:2      | Slain by Crazy Yiuf

Action                   || total
-------------------------++-------
Melee: Dagger            ||    16
 Cast: Shock             ||    34
  Use: Potion            ||     4
       Scroll            ||     2
 Stab: Sleeping          ||     2
  Eat: Chunk             ||     1
